 Dungeon Sprint DCSS version 0.31-a0-1074-g0b22e4e0f1 (webtiles) character file.

Game seed: 15716094915646450891

92391 mattiecakes the Conqueror (level 16, -8/106 HPs)
             Began as a Gargoyle Fighter on Dec 8, 2023.
             Was an Initiate of Gozag.
             Killed from afar by a purple draconian (33 damage)
             ... with a bolt of dispelling energy
             ... in the Dungeon (Sprint V: "Ziggurat Sprint").
             The game lasted 00:54:13 (2646 turns).

mattiecakes the Conqueror (Gargoyle Fighter)        Turns: 2646, Time: 00:54:14

Health: -8/106     AC: 57    Str: 32      XL:     16   Next: 5%
Magic:  33/34      EV:  7    Int:  8 (9)  God:    Gozag
Gold:   2161       SH: 15    Dex:  7      Spells: 34/43 levels left

rFire   + . .        C - +16 obsidian axe {drain, demonic, Mesm Drain Fly SInv}
rCold   + . .        a - +3 kite shield
rNeg    + + .        k - +5 crystal plate armour
rPois   ∞            (helmet restricted)
rElec   +            G - +1 cloak {Stlth+}
rCorr   +            f - +3 pair of gloves of Disaster {rPois rN+ Slay+2}
SInv    +            (no boots)
Will    +....        H - amulet "Keif" {Faith Contam Regen+ rCorr} Stlth
                     F - ring "Koxkosuz" {rF+ rCorr Str+6}
HPRegen 1.17/turn    J - ring of the Tortoise {AC+8}
MPRegen 0.24/turn

%: no teleportation, random rage (3%), faith
@: resistant (expiring), flying, mesmerised, very very heavily contaminated,
glowing, studying Short Blades
A: sickness immunity, AC +12, big wings, negative energy resistance 1,
electricity resistance, torment resistance 1, petrification resistance, antennae
1, berserk 1, clumsy 1, deterioration 1, dopey 1, frail 2, passive freeze,
screaming 1, no potion heal 1, heat vulnerability 1, inability to drink after
injury 1, inability to read after injury 1
a: Renounce Religion, Potion Petition, Call Merchant, Bribe Branch


You were in the Dungeon.
You worshipped Gozag.
Gozag was most pleased with you.
You visited 1 branch You collected 11772 gold pieces.
You paid 9611 gold pieces to Gozag.

Inventory:

Hand Weapons
 C - the +16 obsidian axe (weapon) {drain, demonic, Mesm Drain Fly SInv}
   (You found it in the Dungeon)

   Mesm:      Its wielder is mesmerised by any visible foes, and it cannot be
   unequipped while any foes are visible.
   SInv:      It lets you see invisible.
   Fly:       It grants you flight.
   Drain:     It drains your maximum health when unequipped.
Missiles
 u - a throwing net
Armour
 a - a +3 kite shield (worn)
 f - the +3 pair of gloves of Disaster (worn) {rPois rN+ Slay+2}
   (You found it in the Dungeon)

   Slay+2:    It affects your accuracy & damage with ranged weapons and melee
   (+2).
   rPois:     It protects you from poison rN+: It protects you from negative
   energy.
 k - a +5 crystal plate armour (worn)
 G - a +1 cloak of stealth (worn)
Jewellery
 F - the ring "Koxkosuz" (left hand) {rF+ rCorr Str+6}
   (You found it in the Dungeon)

   [ring of strength]

   Str+6:     It affects your strength (+6).
   rF+:       It protects you from fire.
   rCorr:     It protects you from acid and corrosion.
 H - the amulet "Keif" (around neck) {Faith Contam Regen+ rCorr}
   (You found it in the Dungeon)

   [amulet of faith]

   Faith:     It allows you to gain divine favour quickly.
   Contam:    It causes magical contamination when unequipped.
   Regen+:    It increases your rate of health regeneration.
   rCorr:     It protects you from acid and corrosion.
 J - the ring of the Tortoise (right hand) {AC+8}
   (You found it in the Dungeon)

   [ring of protection]

   AC+8:      It affects your AC (+8).
Wands
 n - a wand of flame (18)
 s - a wand of charming (34)
 z - a wand of mindburst (24)
 A - a wand of iceblast (8)
 B - a wand of light (23)
 I - a wand of digging (16)
Scrolls
 j - 4 scrolls of blinking
 o - 4 scrolls of amnesia
 p - 7 scrolls of fog
 q - 5 scrolls of identify
 r - a scroll of fear
 v - a scroll of brand weapon
Potions
 b - 2 potions of brilliance
 c - a potion of invisibility
 d - 3 potions of might
 e - 5 potions of curing
 g - 2 potions of haste
 h - 7 potions of magic
 i - 2 potions of berserk rage
 m - 4 potions of resistance


   Skills:
 O Level 27 Fighting
 + Level 25.0 Axes
 + Level 16.9 Armour
 + Level 16.8 Shields
 + Level 14.0 Spellcasting
 + Level 11.1 Conjurations
 + Level 10.2 Fire Magic


You had 34 spell levels left.
You knew the following spells:

 Your Spells              Type           Power      Damage    Failure   Level
a - Fire Storm            Conj/Fire      11%        8d3       100%        9

Your spell library contained the following spells:

 Spells                   Type           Power      Damage    Failure   Level
 Foxfire                  Conj/Fire      88%        2x1d8     1%          1
 Scorch                   Fire           42%        2d6       3%          2
 Kiss of Death            Conj/Necr      56%        2d9       16%         1
 Flame Wave               Conj/Fire      22%        2d8       19%         4
 Sticky Flame             Conj/Fire      22%        2d4       19%         4
 Dazzling Flash           Conj/Hex       28%        N/A       43%         3
 Hailstorm                Conj/Ice       14%        3d5       43%         3
 Stone Arrow              Conj/Erth      28%        3d8       43%         3
 Fireball                 Conj/Fire      11%        3d7       47%         5
 Inner Flame              Hex/Fire       13%        N/A       50%         3
 Volatile Blastmotes      Fire/Tloc      26%        2d12      50%         3
 Mephitic Cloud           Conj/Pois/Air  11%        N/A       71%         3
 Ignite Poison            Fire/Tmut/Pois 11%        N/A       75%         3
 Freeze                   Ice            20%        1d4       83%         1
 Necrotise                Necr           20%        1d5       83%         1
 Sandblast                Erth           10%        2d5       83%         1
 Sting                    Tmut/Pois      20%        1d4       83%         1
 Fulminant Prism          Conj/Hex       7%         3d7       85%         4
 Iskenderun's Mystic Bla  Conj/Tloc      14%        2d5       85%         4
 Call Imp                 Summ           10%        N/A       93%         2
 Ensorcelled Hibernation  Hex/Ice        10%        N/A       93%         2
 Lesser Beckoning         Tloc           10%        N/A       93%         2
 Passwall                 Tmut/Erth      4%         N/A       93%         2
 Poisonous Vapours        Pois/Air       10%        N/A       93%         2
 Wereblood                Tmut           5%         N/A       93%         2
 Starburst                Conj/Fire      11%        6d5       96%         6
 Confusing Touch          Hex            5%         N/A       99%         3
 Frozen Ramparts          Ice            10%        1d2       99%         3
 Tukima's Dance           Hex            5%         N/A       99%         3
 Irradiate                Conj/Tmut      7%         3d14      99%         5
 Animate Armour           Summ/Erth      10%        N/A       100%        4
 Cause Fear               Hex            2%         N/A       100%        4
 Dispel Undead            Necr           5%         3d7       100%        4
 Olgreb's Toxic Radiance  Pois           5%         N/A       100%        4
 Passage of Golubria      Tloc           5%         N/A       100%        4
 Petrify                  Tmut/Erth      5%         N/A       100%        4
 Summon Ice Beast         Ice/Summ       5%         N/A       100%        4
 Summon Lightning Spire   Summ/Air       5%         N/A       100%        4
 Agony                    Necr           5%         N/A       100%        5
 Borgnjor's Vile Clutch   Necr/Erth      2%         N/A       100%        5
 Freezing Cloud           Conj/Ice/Air   5%         6-21      100%        5
 Lee's Rapid Deconstruct  Erth           2%         3d5*      100%        5
 Silence                  Hex/Air        2%         N/A       100%        5
 Conjure Ball Lightning   Conj/Air       7%         3x3d6     100%        6
 Death Channel            Necr           2%         N/A       100%        6
 Dispersal                Tloc           2%         N/A       100%        6
 Eringya's Noxious Bog    Tmut/Pois      2%         4d6       100%        6
 Plasma Beam              Fire/Air       6%         2x1d17    100%        6
 Summon Cactus Giant      Summ           2%         N/A       100%        6
 Haunt                    Necr/Summ      2%         N/A       100%        7
 Ozocubu's Refrigeration  Ice            2%         4d8       100%        7
 Spellforged Servitor     Conj/Summ      7%         N/A       100%        7
 Summon Hydra             Summ           2%         N/A       100%        7
 Borgnjor's Revivificati  Necr           2%         N/A       100%        8
 Ignition                 Fire           10%        3d5       100%        8
 Infestation              Necr           2%         N/A       100%        8
 Lehudib's Crystal Spear  Conj/Erth      7%         10d3      100%        8
 Maxwell's Capacitive Co  Air            2%         ∞         100%        8
 Chain Lightning          Conj/Air       7%         3d9       100%        9
 Death's Door             Necr           2%         N/A       100%        9
 Dragon's Call            Summ           2%         N/A       100%        9
 Polar Vortex             Ice            2%         N/A       100%        9
 Shatter                  Erth           2%         3d6*      100%        9
 Cigotuvi's Dreadful Rot  Necr/Pois/Air  Unusable   N/A       N/A         2
 Sublimation of Blood     Necr           Unusable   N/A       N/A         2
 Simulacrum               Ice/Necr       Unusable   N/A       N/A         6

Dungeon Overview and Level Annotations

Branches:
Dungeon (1/1)

Altars:
Ashenzari
Cheibriados
Dithmenos
Elyvilon
Fedhas
Gozag
Hepliaklqana
Kikubaaqudgha
Makhleb
Nemelex Xobeh
Okawaru
Qazlal
Ru
Sif Muna
Trog
Uskayaw
Vehumet
Wu Jian
Xom
Yredelemnul
Zin
The Shining One
Jiyva
Lugonu


Innate Abilities, Weirdness & Mutations

You are immune to sickness and miasma.
Your stone body is resilient. (AC +12)
You are immune to poison.
Your large and strong wings let you fly.
You resist negative energy. (rN+)
You are resistant to electric shocks. (rElec)
You are resistant to unholy torment.
You are immune to petrification.
You have a pair of small antennae on your head.
You sometimes lose your temper in combat.
You are clumsy. (Dex -2)
Your body sometimes deteriorates upon taking damage.
You are dopey. (Int -2)
You are very frail. (-20% HP)
A frigid envelope surrounds you and freezes all who hurt you.
You occasionally shout uncontrollably at your foes.
Potions are less effective at restoring your health.
You are vulnerable to heat. (rF-)
You occasionally lose the ability to drink potions when taking damage.
You occasionally lose the ability to read scrolls when taking damage.


Message History

Visions of slaying the purple draconian flood into your mind.
You feel yourself slow down.
The yellow draconian roars!
The white draconian roars!
The black draconian knight roars!
Your orange demon is engulfed in mutagenic fog.
Your orange demon twists and deforms.
The red draconian scorcher gestures at you while chanting.
The sphere of damnation explodes!
The damnation engulfs you!!
Your body deteriorates!
You feel dopey.
The white draconian stormcaller mumbles some strange prayers to Qazlal against you.
Qazlal smites you!
* * * LOW HITPOINT WARNING * * *
The black draconian knight gestures wildly while chanting.
The black draconian knight flickers and vanishes for a moment.
The black draconian knight gestures wildly while chanting.
The black draconian knight flickers and vanishes for a moment.
The black draconian breathes lightning at you.
The bolt of lightning hits the black draconian.
The black draconian completely resists.
The bolt of lightning hits you. You resist.
* * * LOW HITPOINT WARNING * * *
The green draconian breathes poison at you.
The blast of poison engulfs you but does no damage.
You resist.
The red draconian scorcher casts a spell at you.
The bolt of fire hits you. You resist.
* * * LOW HITPOINT WARNING * * *
The purple draconian breathes dispelling energy at you.
The bolt of dispelling energy misses you.
The bolt of dispelling energy hits your orange demon!!!
Your orange demon dies!
Your orange demon disappears in a puff of smoke!
The white draconian stormcaller breathes frost at you.
The blast of cold hits you but does no damage.
A green draconian comes into view. It is wielding a +0 dire flail.
The purple draconian breathes dispelling energy at you.
The bolt of dispelling energy hits you!!
Your magical effects are unravelling.
You die...
Your body crumbles into a pile of gold. d)/)d)::|d):q%. |ddqddddd=dqdd). )dddddddqddqddq. .q.qdqq.dqdq.d..

..dq...d..dd§...
.....§§§§.§§....
.....§&§☼○☼.....
.....§§§@☼......
.....§§§☼§......
.....§§§§☼§.....
.....§.§§.......
...▓...§§..▓....
..▓.▓.§§§.▓.▓...
...▓...§...▓....
.......§§.......
......§§.......


You could see a green draconian monk, 4 draconians, 7 draconians, 5 draconians,
5 draconians, 7 draconians, 3 draconians, 5 draconians, a purple draconian
shifter, 4 draconians, a yellow draconian annihilator, 2 draconians and the
friendly Guiby (fast, clouds, misshapen).

Vanquished Creatures
  2 deep elf master archers (D)
  An acid blob (D)
  An ancient champion (D)
  A quicksilver elemental (D)
  A rockslime (D)
  A draconian scorcher (D)
  A draconian shifter (D)
  A vault warden (D)
  A deep elf elementalist (D)
  4 war gargoyles (D)
  A green draconian (D)
  3 black draconians (D)
  A yellow draconian (D)
  A white draconian (D)
  A dire elephant (D)
  A purple draconian (D)
  2 red draconians (D)
  An iron golem (D)
  A hydra (D)
  A spriggan air mage (D)
  4 anacondas (D)
  A naga warrior (D)
  A boulder beetle (D)
  A spriggan berserker (D)
  2 spriggan druids (D)
  2 lindwurms (D)
  An ironbound convoker (D)
  2 deep elf zephyrmancers (D)
  2 cyclopes (D)
  A large abomination (D)
  An elephant (D)
  2 black mambas (D)
  3 guardian serpents (D)
  3 naga magi (D)
  2 cane toads (D)
  A rime drake (D)
  2 yaktaurs (D)
  A tormentor (D)
  A komodo dragon (D)
  3 merfolk (D)
  2 wind drakes (D)
  A polar bear (D)
  3 blink frogs (D)
  A hornet (D)
  A snapping turtle (D)
  2 spriggans (D)
  A flying skull (D)
  An ushabti (D)
  A steam dragon (D)
  6 water moccasins (D)
  7 nagas (D)
  3 black bears (D)
  An orc warrior (D)
  A small abomination (D)
  4 wolves (D)
  A centaur (D)
  A bullfrog (D)
  3 orc priests (D)
  A jelly (D)
  An iron imp (D)
  4 orc wizards (D)
  2 mummies (D)
  2 adders (D)
  An ufetubus (D)
  An adder skeleton (D)
  4 orcs (D)
  2 spectral bats (D)
  A ball python (D)
  A spectral weapon (D)
123 creatures vanquished.

Vanquished Creatures (collateral kills)
  A deep elf blademaster (D)
  2 deep elf master archers (D)
  A tentacled starspawn (D)
  2 azure jellies (D)
  A rockslime (D)
  A nagaraja (D)
  2 draconian knights (D)
  2 draconian scorchers (D)
  A draconian annihilator (D)
  A cacodemon (D)
  A ghoul (D)
  2 draconian stormcallers (D)
  3 stone giants (D)
  A reaper (D)
  A war gargoyle (D)
  3 green draconians (D)
  A deep elf demonologist (D)
  2 yellow draconians (D)
  3 black draconians (D)
  6 white draconians (D)
  A starcursed mass (D)
  2 purple draconians (D)
  4 red draconians (D)
  2 merfolk javelineers (D)
  3 yaktaur captains (D)
  A rakshasa (D)
  A spriggan air mage (D)
  5 centaur warriors (D)
  2 anacondas (D)
  2 naga warriors (D)
  A thrashing horror (D)
  A dancing weapon (D)
  A wretched star (D)
  A sixfirhy (D)
  A harpy (D)
  A deep elf zephyrmancer (D)
  A deep elf pyromancer (D)
  A shining eye (D)
  2 cyclopes (D)
  A manticore (D)
  2 black mambas (D)
  2 guardian serpents (D)
  2 naga magi (D)
  An orange demon (D)
  A smoke demon (D)
  4 hellions (D)
  2 large abominations (D)
  2 yaktaurs (D)
  2 komodo dragons (D)
  An ancient zyme (D)
  A merfolk (D)
  A glass eye (D)
  2 blink frogs (D)
  A wind drake (D)
  2 snapping turtles (D)
  An air elemental (D)
  4 slime creatures (D)
  A ynoxinul (D)
  A golden eye (D)
  2 steam dragons (D)
  2 yaks (D)
  2 chaos spawn (D)
  3 nagas (D)
  4 water moccasins (D)
  An orc warrior (D)
  A wolf (D)
  7 centaurs (D)
  A small abomination (D)
  3 jellies (D)
  A mummy (D)
  An adder (D)
  A spectral adder (D)
  A spectral bat (D)
  A bat zombie (D)
  2 endoplasms (D)
  A ball python (D)
  A ball python skeleton (D)
  A ball python zombie (D)
  A giant cockroach zombie (D)
  A spectral ball python (D)
  A starspawn tentacle (D)
143 creatures vanquished.

Vanquished Creatures (others)
  A pandemonium lord (D)
  A deep elf master archer (D)
  A demonspawn corrupter (D)
  A reaper (D)
  A green draconian (D)
  2 deep elf annihilators (D)
  2 merfolk impalers (D)
  A green death (D)
  A spriggan air mage (D)
  A soul eater (D)
  A large abomination (D)
  A glowing orange brain (D)
  A deep elf archer (D)
  2 deep elf pyromancers (D)
  A deep elf zephyrmancer (D)
  A kobold demonologist (D)
  A red devil (D)
  An ancient zyme (D)
  A wind drake (D)
  A neqoxec (D)
  A small abomination (D)
  A water moccasin (D)
  An earth elemental (D)
  2 quasits (D)
  A bat skeleton (D)
  A spectral ball python (D)
  A starspawn tentacle (D)
31 creatures vanquished.

Grand Total: 297 creatures vanquished

Notes
Turn   | Place    | Note
-------+----------+-------------------------------------------
     0 | D        | mattiecakes the Gargoyle Fighter began the quest for the
                  | Orb.
     0 | D        | Reached XP level 1. HP: 14/14 MP: 1/1
    13 | D        | Found a blossoming altar of Fedhas.
    13 | D        | Found the +6 Majin-Bo {spellvamp, MP+6 Int+6}
    13 | D        | Found the +27 heavy crossbow "Sniper" {heavy, Acc+∞ SInv}
    13 | D        | Found the +10 dark maul {heavy}
    13 | D        | Found the +15 Maxwell's patent armour {-Cast -Tele rElec
                  | Will+ rCorr}
    13 | D        | Found the +18 shield of the Gong {Loud rN+ Will+ rCorr
                  | EV-5}
    13 | D        | Found the +16 obsidian axe {drain, demonic, Mesm Drain Fly
                  | SInv}
    13 | D        | Found the +7 great mace "Firestarter" {flame, immolate,
                  | rFlCloud rF++}
    13 | D        | Found the +6 shillelagh "Devastator" {shatter}
    13 | D        | Found the +11 plutonium sword {Contam Stlth-}
    13 | D        | Found the +8 lance "Wyrmbane" {slay drac, rPois rF+ rC+
                  | AC+3}
    13 | D        | Found the +9 sword of Zonguldrok {reap}
    13 | D        | Found the +13 scythe of Curses {drain, curses, Drain}
    13 | D        | Found the +9 sword of Power {lifebolt}
    13 | D        | Found the +7 mace of Variability {chaos, chaos arc}
    13 | D        | Found the +11 Singing Sword {sonic wave}
    13 | D        | Found the +8 storm bow {elec, penet}
    14 | D        | Found a viscous altar of Jiyva.
    14 | D        | Found a hazy altar of Hepliaklqana.
    14 | D        | Found a transporter.
    14 | D        | Found an opulent altar of Gozag.
    14 | D        | Found an ancient bone altar of Kikubaaqudgha.
    14 | D        | Found a corrupted altar of Lugonu.
    45 | D        | Found a shimmering blue altar of Sif Muna.
    45 | D        | Found a sacrificial altar of Ru.
    45 | D        | Found a bloodstained altar of Trog.
    45 | D        | Found a stormy altar of Qazlal.
    45 | D        | Found an iron altar of Okawaru.
    45 | D        | Found a sparkling altar of Nemelex Xobeh.
    47 | D        | Found a burning altar of Makhleb.
   139 | D        | Became a worshipper of Gozag Ym Sagoz the Greedy
   147 | D        | Reached skill level 6 in Fighting
   147 | D        | Reached skill level 5 in Axes
   147 | D        | Reached XP level 2. HP: 23/23 MP: 2/2
   153 | D        | Entered arena 2.
   153 | D        | Noticed a deep elf zephyrmancer
   153 | D        | Noticed a deep elf zephyrmancer
   153 | D        | Found a transporter.
   155 | D        | Killed a deep elf zephyrmancer
   156 | D        | Reached skill level 11 in Fighting
   156 | D        | Reached XP level 3. HP: 35/35 MP: 3/3
   156 | D        | Reached XP level 4. HP: 40/40 MP: 4/4
   156 | D        | Reached XP level 5. HP: 45/45 MP: 5/5
   156 | D        | Reached XP level 6. HP: 50/50 MP: 6/6
   158 | D        | Killed a deep elf zephyrmancer
   159 | D        | Reached skill level 13 in Fighting
   159 | D        | Reached XP level 7. HP: 45/57 MP: 7/7
   172 | D        | Entered arena 3.
   172 | D        | Found a transporter.
   178 | D        | Reached XP level 8. HP: 56/63 MP: 8/8
   187 | D        | Got Sif Muna's Teachings on the Torch and the Evil Eye
   199 | D        | Entered arena 4.
   199 | D        | Noticed a white draconian
   199 | D        | Found a transporter.
   207 | D        | Killed a white draconian
   208 | D        | Reached skill level 15 in Fighting
   208 | D        | Reached XP level 9. HP: 38/71 MP: 9/9
   334 | D        | Entered arena 5.
   334 | D        | Found a transporter.
   358 | D        | Entered arena 6.
   358 | D        | Noticed a dire elephant
   358 | D        | Noticed a yaktaur
   358 | D        | Noticed a vault warden
   358 | D        | Noticed an ironbound convoker
   358 | D        | Noticed a lindwurm
   358 | D        | Found a transporter.
   362 | D        | Killed a lindwurm
   362 | D        | Noticed a spriggan air mage
   362 | D        | Noticed a spriggan druid
   362 | D        | Noticed a black draconian
   363 | D        | Reached skill level 16 in Fighting
   363 | D        | Noticed a deep elf elementalist
   366 | D        | Killed an ironbound convoker
   367 | D        | Reached skill level 17 in Fighting
   373 | D        | Killed a yaktaur
   375 | D        | Killed a dire elephant
   375 | D        | Killed a vault warden
   375 | D        | Killed a spriggan druid
   376 | D        | Reached skill level 18 in Fighting
   376 | D        | Reached XP level 10. HP: 44/83 MP: 10/10
   377 | D        | Killed a spriggan air mage
   378 | D        | Reached skill level 19 in Fighting
   378 | D        | Killed a deep elf elementalist
   379 | D        | Reached XP level 11. HP: 48/90 MP: 11/11
   387 | D        | Killed a black draconian
   388 | D        | Reached skill level 20 in Fighting
   406 | D        | Got the ring "Efiynorr" {Ice rN+ MP+9 Str+2}
   577 | D        | Entered arena 7.
   577 | D        | Noticed a seven-headed hydra
   584 | D        | Killed an 11-headed hydra
   585 | D        | Found a transporter.
   648 | D        | Got Adounlu's Commentary on Prime Refrigeration
   668 | D        | Entered arena 8.
   670 | D        | Found a transporter.
   689 | D        | Got Korih's Exposition on Violent Virulence
   711 | D        | Entered arena 9.
   712 | D        | Found a transporter.
   803 | D        | Got the ring "Wees" {Fly MP+9 Int+3}
   818 | D        | Got the +0 pair of gloves "Situkhabbo" {rPois}
   835 | D        | Entered arena 10.
   835 | D        | Noticed a cyclops
   837 | D        | Found a transporter.
   841 | D        | Reached skill level 21 in Fighting
   846 | D        | Killed a cyclops
   966 | D        | Entered arena 11.
   966 | D        | Noticed a spriggan rider
   967 | D        | Found a transporter.
  1082 | D        | Got the Papyrus of Displaced Virulence
  1115 | D        | Entered arena 12.
  1115 | D        | Noticed a war gargoyle
  1115 | D        | Noticed a war gargoyle
  1115 | D        | Noticed a war gargoyle
  1115 | D        | Noticed a war gargoyle
  1115 | D        | Noticed a quicksilver elemental
  1115 | D        | Noticed a war gargoyle
  1115 | D        | Noticed an ancient champion
  1116 | D        | Noticed an iron golem
  1123 | D        | Killed a war gargoyle
  1124 | D        | Reached skill level 22 in Fighting
  1124 | D        | Killed a war gargoyle
  1125 | D        | Reached XP level 12. HP: 6/101 MP: 3/12
  1127 | D        | Killed a war gargoyle
  1130 | D        | Killed a war gargoyle
  1130 | D        | Killed a quicksilver elemental
  1131 | D        | Reached skill level 23 in Fighting
  1133 | D        | Killed an ancient champion
  1136 | D        | Killed a war gargoyle
  1143 | D        | Killed an iron golem
  1146 | D        | Found a transporter.
  1152 | D        | Reached skill level 24 in Fighting
  1453 | D        | Got Cosil's Codex of Talus
  1457 | D        | Got the Directory of Convocation
  1508 | D        | Entered arena 13.
  1508 | D        | Noticed a spriggan berserker
  1508 | D        | Noticed a spriggan air mage
  1512 | D        | Noticed a death yak
  1517 | D        | Killed a spriggan berserker
  1567 | D        | Found a transporter.
  1588 | D        | Got the Almanac of the Radish
  1613 | D        | Entered arena 14.
  1616 | D        | Found a transporter.
  1626 | D        | Reached XP level 13. HP: 111/111 MP: 13/13
  1628 | D        | Reached skill level 25 in Fighting
  1665 | D        | Got Sif Muna's Quarto of Blows and Imprecation
  1674 | D        | Entered arena 15.
  1675 | D        | Noticed a ghoul
  1676 | D        | Found the ring of the Tortoise {AC+8}
  1678 | D        | Found a transporter.
  1684 | D        | Killed a ghoul
  1759 | D        | Entered arena 16.
  1760 | D        | Noticed a merfolk impaler
  1760 | D        | Noticed a merfolk impaler
  1761 | D        | Noticed a merfolk impaler
  1761 | D        | Found the +3 greatsling "Punk" {acid, rCorr}
  1762 | D        | Found a transporter.
  1816 | D        | Got the Catalogue of the Doomed Panacea
  1844 | D        | Entered arena 17.
  1849 | D        | Found a transporter.
  1859 | D        | Reached skill level 26 in Fighting
  1900 | D        | Entered arena 18.
  1928 | D        | Noticed an acid blob
  1928 | D        | Noticed an azure jelly
  1928 | D        | Found the +8 pair of quick blades "Gyre" and "Gimble"
                  | {protect}
  1929 | D        | Noticed a rockslime
  1929 | D        | Noticed an azure jelly
  1929 | D        | Noticed a rockslime
  1933 | D        | Killed an azure jelly
  1937 | D        | Killed a rockslime
  1938 | D        | Killed an azure jelly
  1940 | D        | Killed an acid blob
  1943 | D        | Killed a rockslime
  1944 | D        | Reached skill level 27 in Fighting
  1948 | D        | Found a transporter.
  2136 | D        | Got The Lost Papyrus of Boris
  2180 | D        | Learned a level 9 spell: Fire Storm
  2180 | D        | Entered arena 19.
  2183 | D        | Noticed a deep elf blademaster
  2183 | D        | Noticed a deep elf annihilator
  2184 | D        | Noticed a deep elf annihilator
  2184 | D        | Noticed a deep elf master archer
  2184 | D        | Noticed a deep elf blademaster
  2184 | D        | Noticed a deep elf annihilator
  2185 | D        | Found a transporter.
  2186 | D        | Paralysed by an air elemental for 1 turns
  2188 | D        | Reached skill level 1 in Spellcasting
  2188 | D        | Killed a deep elf annihilator
  2221 | D        | Got the ring "Ysumyjy" {Ice +Blink}
  2237 | D        | Got the Compendium of the Worm
  2252 | D        | Got the ring of the Bedazzling Gods {rPois Will- Dex+6
                  | Stlth+}
  2266 | D        | Entered arena 20.
  2271 | D        | Noticed Xudgh the pandemonium lord
  2271 | D        | Noticed a demonspawn corrupter
  2271 | D        | Noticed a green death
  2271 | D        | Noticed Adatwega the pandemonium lord
  2271 | D        | Noticed Adog the pandemonium lord
  2271 | D        | Noticed Zuquemp the pandemonium lord
  2271 | D        | Found the +3 crown of Dyrovepreva {rElec Int+2 SInv}
  2272 | D        | Noticed a lorocyproca
  2272 | D        | Noticed Gitaqaokokk the pandemonium lord
  2272 | D        | Noticed a demonspawn blood saint
  2272 | D        | Noticed Guiby the pandemonium lord
  2272 | D        | Noticed a reaper
  2274 | D        | Reached skill level 5 in Armour
  2274 | D        | Reached skill level 5 in Shields
  2275 | D        | Found a transporter.
  2290 | D        | Got the ring "Koxkosuz" {rF+ rCorr Str+6}
  2307 | D        | Got the amulet "Keif" {Faith Contam Regen+ rCorr}
  2317 | D        | Gained mutation: You occasionally lose the ability to read
                  | scrolls when taking damage. [mutagenic glow]
  2328 | D        | Got the Compendium of the Barrage
  2335 | D        | Gained mutation: You occasionally lose the ability to drink
                  | potions when taking damage. [mutagenic glow]
  2336 | D        | Got the amulet "Murus" {RegenMP Stlth+}
  2343 | D        | Gained mutation: Your body sometimes deteriorates upon
                  | taking damage. [mutagenic glow]
  2344 | D        | Entered arena 21.
  2349 | D        | Noticed a deep elf demonologist
  2349 | D        | Noticed a tentacled starspawn
  2349 | D        | Noticed a starcursed mass
  2349 | D        | Noticed a rakshasa
  2349 | D        | Noticed a cacodemon
  2349 | D        | Found the +8 arc blade {discharge, rElec}
  2350 | D        | Noticed a reaper
  2353 | D        | Noticed an Ice Fiend
  2354 | D        | Found a transporter.
  2355 | D        | Gained mutation: Your large and strong wings let you fly.
                  | [Gargoyle growth]
  2355 | D        | Reached XP level 14. HP: 122/122 MP: 17/20
  2355 | D        | Killed a deep elf demonologist
  2357 | D        | Killed a starcursed mass
  2358 | D        | Killed a tentacled starspawn
  2361 | D        | Killed a reaper
  2361 | D        | Gained mutation: Potions are less effective at restoring
                  | your health. [mutagenic glow]
  2363 | D        | Killed a cacodemon
  2375 | D        | Reached skill level 5 in Spellcasting
  2377 | D        | Gained mutation: Your flesh is heat resistant. (rF+)
                  | [mutagenic glow]
  2393 | D        | Gained mutation: You have a pair of small antennae on your
                  | head. [mutagenic glow]
  2410 | D        | Got the ring of Qihacur {rCorr Str-3 Dex+6 Slay-3 SInv}
  2412 | D        | Entered arena 22.
  2412 | D        | Gained mutation: You sometimes lose the ability to read
                  | scrolls when taking damage. [mutagenic glow]
  2416 | D        | Noticed a deep elf master archer
  2416 | D        | Noticed a stone giant
  2416 | D        | Found the +2 Maxwell's thermic engine {flame, freeze, rev}
  2417 | D        | Noticed a deep elf master archer
  2417 | D        | Noticed a stone giant
  2417 | D        | Identified the ring "Soiriyle" {rPois rCorr Str+6 Dex-3
                  | Stlth+}
  2417 | D        | Identified the +4 battleaxe of Flawed Execution {protect,
                  | Will+ rCorr Dex+4}
  2417 | D        | Noticed a deep elf master archer
  2418 | D        | Identified the staff of the Hurtling Firefly {rElec rF++
                  | rN+ Str-5 SInv Necro}
  2418 | D        | Noticed a stone giant
  2418 | D        | Noticed a deep elf master archer
  2422 | D        | Killed a stone giant
  2423 | D        | Found a transporter.
  2423 | D        | Killed a stone giant
  2423 | D        | Killed a deep elf master archer
  2424 | D        | Reached skill level 10 in Armour
  2424 | D        | Reached skill level 10 in Shields
  2424 | D        | Killed a deep elf master archer
  2424 | D        | Gained mutation: You are frail. (-10% HP) [mutagenic glow]
  2425 | D        | Your ally Gitaqaokokk died
  2428 | D        | Killed a deep elf master archer
  2429 | D        | Killed a deep elf master archer
  2431 | D        | Reached skill level 10 in Spellcasting
  2432 | D        | Killed a stone giant
  2442 | D        | Gained mutation: A frigid envelope surrounds you and
                  | freezes all who hurt you. [mutagenic glow]
  2463 | D        | Gained mutation: You are very frail. (-20% HP) [mutagenic
                  | glow]
  2484 | D        | Gained mutation: You occasionally shout uncontrollably at
                  | your foes. [mutagenic glow]
  2496 | D        | Lost mutation: You sometimes lose the ability to read
                  | scrolls when taking damage. [mutagenic glow]
  2499 | D        | Entered arena 23.
  2505 | D        | Found the brooch of Shielding {Spirit SH+8}
  2506 | D        | Noticed a nagaraja
  2506 | D        | Identified the +7 dagger of Veameure {heavy, *Corrode Fly
                  | Dex+2 Stlth+}
  2508 | D        | Reached skill level 1 in Conjurations
  2508 | D        | Reached skill level 1 in Fire Magic
  2509 | D        | Killed a nagaraja
  2510 | D        | Identified the staff "Beastbane" {rN++ Conj}
  2511 | D        | Reached XP level 15. HP: 99/101 MP: 28/30
  2513 | D        | Gained mutation: You sometimes lose the ability to read
                  | scrolls when taking damage. [mutagenic glow]
  2514 | D        | Reached skill level 5 in Conjurations
  2515 | D        | Reached skill level 5 in Fire Magic
  2518 | D        | Found a transporter.
  2523 | D        | Got the +3 pair of gloves of Disaster {rPois rN+ Slay+2}
  2524 | D        | Lost mutation: Your flesh is heat resistant. (rF+)
                  | [mutagenic glow]
  2524 | D        | Gained mutation: You are vulnerable to heat. (rF-)
                  | [mutagenic glow]
  2536 | D        | Lost mutation: You sometimes lose the ability to read
                  | scrolls when taking damage. [mutagenic glow]
  2547 | D        | Got the Precepts of Limned Accelerants
  2551 | D        | Gained mutation: You sometimes lose your temper in combat.
                  | [mutagenic glow]
  2560 | D        | Entered arena 24.
  2566 | D        | Noticed a white draconian stormcaller
  2566 | D        | Noticed a red draconian scorcher
  2566 | D        | Noticed a black draconian knight
  2566 | D        | Noticed a black draconian knight
  2566 | D        | Gained mutation: You are dopey. (Int -2) [mutagenic glow]
  2567 | D        | Noticed a red draconian scorcher
  2567 | D        | Noticed a white draconian stormcaller
  2567 | D        | Identified the amulet "Qepuocosh" {Fly rF+++ Regen+ rCorr
                  | Int-2}
  2567 | D        | Noticed a red draconian scorcher
  2567 | D        | Identified the +3 great sword "Edyowaol" {freeze, Fly}
  2567 | D        | Noticed a purple draconian shifter
  2574 | D        | Found a transporter.
  2576 | D        | Killed a red draconian scorcher
  2576 | D        | Killed a red draconian scorcher
  2577 | D        | Reached skill level 15 in Armour
  2577 | D        | Gained mutation: Your magical capacity is low. (-10% MP)
                  | [mutagenic glow]
  2580 | D        | Reached skill level 15 in Shields
  2586 | D        | Killed a black draconian knight
  2594 | D        | Killed a white draconian stormcaller
  2595 | D        | Reached skill level 10 in Conjurations
  2604 | D        | Killed a red draconian scorcher
  2606 | D        | Killed a purple draconian shifter
  2608 | D        | Killed a black draconian knight
  2615 | D        | Lost mutation: Your magical capacity is low. (-10% MP)
                  | [mutagenic glow]
  2619 | D        | Reached skill level 10 in Fire Magic
  2619 | D        | Reached XP level 16. HP: 50/106 MP: 29/33
  2637 | D        | Entered arena 25.
  2642 | D        | Gained mutation: You are clumsy. (Dex -2) [mutagenic glow]
  2645 | D        | Noticed a green draconian monk
  2645 | D        | Found the +9 staff of Olgreb {rPois∞}
  2646 | D        | Killed from afar by a purple draconian

Illustrated notes

Levels and vault maps discovered:
D:        sprint_v [room_start, room_1, room_2, room_3, room_4, room_5, room_6,
          room_7, room_8, room_9, room_10, room_11, room_12, room_13, room_14,
          room_15, room_16, room_17, room_18, room_19, room_20, room_21,
          room_22, room_23, room_24, room_25, room_26, room_27]

Skill      XL: |  1  2  3  4  5  6  7  8  9 10 11 12 13 14 15 16 |
---------------+-------------------------------------------------+-----
Fighting       | 6 11 13 15 18 19 22 24 27 | 27.0
Axes           | 5 9 11 12 16 19 21 23 24 25 | 25.0
Armour         | 6 13 16 | 16.9
Shields        | 6 13 16 | 16.8
Spellcasting   | 4 11 13 14 | 14.0
Conjurations   | 4 10 11 | 11.1
Fire Magic     | 3 10 | 10.2

Action                     |  1- 3 |  4- 6 |  7- 9 | 10-12 | 13-15 | 16-18 || total
---------------------------+-------+-------+-------+-------+-------+-------++-------
  Melee: Broad axe         |     1 |     2 |    24 |    91 |    70 |     3 ||   191
 Invoke: Bribe Branch      |       |       |       |     1 |     1 |       ||     2
         Potion Petition   |       |       |       |     1 |     5 |       ||     6
  Evoke: Wand              |       |       |       |     2 |     1 |       ||     3
    Use: Potion            |     1 |       |     6 |    10 |    13 |       ||    30
         Scroll            |       |       |       |     1 |       |       ||     1
   Stab: Distracted        |       |       |     1 |     1 |     4 |       ||     6
         Invisible         |       |       |       |     2 |       |       ||     2
         Confused          |       |       |       |       |     5 |       ||     5
 Armour: Crystal plate arm |     1 |     2 |    32 |   102 |   131 |     5 ||   273
         Skin              |       |       |       |     8 |       |       ||     8
  Dodge: Dodged            |       |       |     5 |    16 |     9 |     1 ||    31
  Block: Kite shield       |       |       |    13 |    48 |    51 |       ||   112

Table legend: (Time is in decaauts)
 A = Elapsed time spent in this place.
 B = Non-inter-level travel time spent in this place.
 C = Inter-level travel time spent in this place.
 D = Time resting spent in this place.
 E = Time spent auto-exploring this place.
 F = Levels seen in this place.
 G = Mean time per level.
                   A        B        C        D        E       F      G
               +--------+--------+--------+--------+--------+-----+--------+
         Total |   2543 |   2543 |      0 |    619 |    770 |   1 | 2543.0 |
       Dungeon |   2543 |   2543 |      0 |    619 |    770 |   1 | 2543.0 |
               +--------+--------+--------+--------+--------+-----+--------+

Top non-repeatable levels by time:
       D: 2543 daAuts
